 Dungeon Crawl Stone Soup version 0.31-a0-217-g58bb5d79cf (webtiles) character file.

Game seed: 14801609409316976585

137 qw the Chopper (level 5, -11/32 HPs)
             Began as a Gargoyle Fighter on July 2, 2023.
             Killed by divine providence
             ... invoked by an orc priest
              (12 damage)
             ... on level 4 of the Dungeon.
             The game lasted 00:01:10 (1872 turns).

qw the Chopper (Gargoyle Fighter)                   Turns: 1872, Time: 00:01:10

Health: -11/32     AC: 10    Str: 21    XL:     5   Next: 20%
Magic:  5/5        EV:  9    Int:  9    God:
Gold:   85         SH:  0    Dex:  9    Spells: 4/4 levels left

rFire   . . .        Y - +2 war axe
rCold   . . .        c - +0 buckler
rNeg    + . .        e - +0 scale mail {Will+}
rPois   inf          (no helmet)
rElec   +            (no cloak)
rCorr   .            (no gloves)
SInv    .            (no boots)
Will    +....        (no amulet) Stlth
                     (no ring)
HPRegen 0.25/turn    (no ring)
MPRegen 0.09/turn

%: no passive effects
@: confused
A: sickness immunity, AC +4, negative energy resistance 1, electricity
resistance, torment resistance 1, petrification resistance
a: no special abilities


You were on level 4 of the Dungeon.
You visited 1 branch of the dungeon, and saw 4 of its levels.

You collected 85 gold pieces.


Innate Abilities, Weirdness & Mutations

You are immune to sickness and miasma.
Your stone body is resilient. (AC +4)
You are immune to poison.
You resist negative energy. (rN+)
You are resistant to electric shocks. (rElec)
You are resistant to unholy torment.
You are immune to petrification.


   Skills:
 - Level 3.2 Fighting
 + Level 4.7 Axes
 - Level 3.2 Armour
 - Level 3.2 Shields


You had 4 spell levels left.
You didn't know any spells.
Your spell library was empty.

Inventory:

Hand Weapons
 g - a +0 whip
 Y - a +2 war axe (weapon)
Missiles
 a - 2 boomerangs (quivered)
Armour
 c - a +0 buckler (worn)
 e - a +0 scale mail of willpower (worn)
Potions
 b - a potion of mutation {unknown}
 d - a potion of might
 f - a potion of resistance {unknown}
 h - a potion of cancellation {unknown}
 j - a potion of haste {unknown}
 k - a potion of brilliance {unknown}

Dungeon Overview and Level Annotations

Branches:
Dungeon (4/15)
 Temple: D:4-7

Altars:
Ru


Message History

The orc wizard shouts!
The orc shouts!
The orc wizard shouts!
The orc shouts!
You hear a shout!
There is a stone staircase leading up here.
There are monsters nearby!
Waypoint 3 assigned to D:4.
You slash the orc!
You kill the orc!
An orc priest comes into view. It is wielding a +0 short sword.
The orc wizard hits you but does no damage.
You see here a +0 falchion.
You closely miss the orc wizard.
The orc priest calls down the wrath of Beogh upon you.
Beogh smites you!
Ouch! That really hurt!
The orc wizard barely misses you.
You closely miss the orc wizard. The orc wizard closely misses you.
You slash the orc wizard!
The orc wizard is almost dead.
The orc wizard hits you but does no damage.
You miss the orc wizard.
The orc priest mumbles some strange prayers to Beogh against you.
Beogh smites you!
The orc wizard hits you but does no damage.
You closely miss the orc wizard.
The orc wizard hits you with a +0 dagger.
You barely miss the orc wizard.
The orc wizard gestures at you while chanting.
You are confused.
You hear a distant slurping noise.
The orc wizard hits you but does no damage.
The orc wizard hits you but does no damage.
The orc wizard barely misses you.
The orc wizard points at you and mumbles some strange words.
The puff of flame hits you.
The orc wizard mumbles some strange words.
The orc wizard flickers and vanishes!
Deactivating autopickup; reactivate with Ctrl-A.
The orc priest invokes the aid of Beogh against you.
Beogh smites you!
You die...

# .# .. .. ##.
.#
.....#####o\#..#
#...<@o{....#
#.#####o##.## ..
#.. ##


You could see an orc priest, an orc wizard and an orc.

Vanquished Creatures
  An orc wizard (D:3)
  2 adders (D:3)
  A worm (D:2)
  4 dart slugs
  9 orcs
  4 bats
  4 endoplasms
  3 giant cockroaches
  7 goblins
  8 hobgoblins
  6 kobolds
  3 quokkas
  5 ball pythons
  5 frilled lizards
  7 rats
69 creatures vanquished.

Notes
Turn   | Place    | Note
-------+----------+-------------------------------------------
     0 | D:1      | qw the Gargoyle Fighter began the quest for the Orb.
     0 | D:1      | Reached XP level 1. HP: 14/14 MP: 1/1
     0 | D:1      | 0 ||| qw: Version: 0.3-a-40-ge99b1a8
     0 | D:1      | 0 ||| qw: Game counter: 8017
     0 | D:1      | 0 ||| qw: Melee chars always use a shield: true
     0 | D:1      | 0 ||| qw: God list: Okawaru
     0 | D:1      | 0 ||| qw: Allow faded altars: false
     0 | D:1      | 0 ||| qw: Do Orc after clearing Dungeon:15 true
     0 | D:1      | 0 ||| qw: Do second Lair branch before Depths: true
     0 | D:1      | 0 ||| qw: Lair rune preference: random
     0 | D:1      | 0 ||| qw: Goals: Normal, Zot:1-4, Slime:5, God:TSO, Crypt,
                  | Tomb, Abyss, Pan, Hells, Win
     0 | D:1      | 0 ||| PLANNING D:1-11
    28 | D:1      | Reached skill level 2 in Axes
   119 | D:1      | Reached XP level 2. HP: 19/19 MP: 2/2
   158 | D:1      | 158 ||| DROPPING +0 club.
   190 | D:1      | Reached skill level 3 in Axes
   254 | D:1      | Reached XP level 3. HP: 23/23 MP: 3/3
   275 | D:1      | 275 ||| Stepping ~*~*~tactically~*~*~ (stealth).
   281 | D:1      | 281 ||| Stepping ~*~*~tactically~*~*~ (stealth).
   282 | D:1      | 282 ||| Stepping ~*~*~tactically~*~*~ (stealth).
   495 | D:1      | 495 ||| Stepping ~*~*~tactically~*~*~ (stealth).
   557 | D:1      | 557 ||| READING scroll labelled BUNIST UCKEWK.
   558 | D:1      | 558 ||| READING scroll labelled ROCKAT MUSM.
   760 | D:2      | 760 ||| Stepping ~*~*~tactically~*~*~ (hiding).
   849 | D:2      | Reached XP level 4. HP: 14/28 MP: 4/4
   967 | D:2      | Found a sacrificial altar of Ru.
  1194 | D:2      | 1194 ||| UPGRADING to +0 scale mail of willpower.
  1204 | D:2      | 1204 ||| DROPPING +0 scale mail.
  1205 | D:2      | 1205 ||| READING scroll labelled TILUFIAHOI.
  1206 | D:2      | 1206 ||| READING 2 scrolls labelled QONUEX KEUM.
  1307 | D:2      | 1307 ||| READING scroll labelled YWNUDI GEUS.
  1308 | D:2      | 1308 ||| DROPPING scroll of silence.
  1383 | D:3      | Reached skill level 4 in Axes
  1449 | D:3      | 1449 ||| STAIRDANCE
  1467 | D:2      | 1467 ||| READING scroll labelled PIWNAOF YQOD.
  1499 | D:3      | Reached XP level 5. HP: 26/32 MP: 5/5
  1584 | D:3      | Found a faded altar of an unknown god.
  1662 | D:3      | 1662 ||| READING scroll of enchant weapon.
  1662 | D:3      | 1662 ||| ENCHANTING +1 war axe.
  1839 | D:3      | 1839 ||| READING scroll labelled XEROAVIHULA.
  1867 | D:4      | HP: 6/32 [orc wizard/+0 dagger (3)]
  1871 | D:4      | HP: 1/32 [orc wizard/puff of flame (6)]
  1872 | D:4      | Killed from afar by an orc priest

Levels and vault maps discovered:
D:1:      dreamdust_arrival_sigmund_warning, layout_rooms, kennysheep_boxes
D:2:      layout_rooms, basic_altar
D:3:      layout_basic, ebering_ecumenical_altar_hall,
          chequers_decorated_corner, minmay_misc_feat_tiny
D:4:      layout_basic, kennysheep_mini_moat, serial_shops,
          nicolae_shop_rolled_up, kennysheep_big_empty_room, eino_tiny_chamber,
          st_stairs_7, minmay_liquid_box, abandoned_shop

Skill      XL: |  1  2  3  4 |
---------------+-------------+-----
Axes           | 2 3 4 |  4.7
Fighting       | |  3.2
Armour         | |  3.2
Shields        | |  3.2

Action                     |  1- 3 |  4- 6 || total
---------------------------+-------+-------++-------
  Melee: War axe           |   105 |    65 ||   170
  Throw: Boomerang         |       |    21 ||    21
    Use: Scroll            |     2 |     6 ||     8
 Armour: Scale mail        |    52 |    23 ||    75
  Dodge: Dodged            |    47 |    26 ||    73
  Block: Buckler           |    17 |     9 ||    26

Table legend:
 A = Non-vault XP
 B = Vault XP
 C = Vault XP percentage of total XP
 D = Non-vault monster count
 E = Vault monster count
 F = Vault count percentage of total count
                 A         B        C        D         E       F
            +---------+---------+-------+---------+---------+-------
      Total |     197 |       0 |   0.0 |      69 |       0 |   0.0
            +---------+---------+-------+---------+---------+-------
        D:1 |      49 |       0 |   0.0 |      25 |       0 |   0.0
        D:2 |      48 |       0 |   0.0 |      25 |       0 |   0.0
        D:3 |      97 |       0 |   0.0 |      18 |       0 |   0.0
        D:4 |       3 |       0 |   0.0 |       1 |       0 |   0.0
            +---------+---------+-------+---------+---------+-------
